 Dungeon Crawl Stone Soup version 0.31.0-12-g77e489cdc1 (webtiles) character file.

Game seed: 7941508540644786060

1969 Curundu the Cleaver (level 9, -2/118 HPs)
             Began as a Minotaur Berserker on Mar 2, 2024.
             Was a Priest of Trog.
             Killed from afar by an orc wizard (8 damage)
             ... with a magic dart
             ... on level 7 of the Dungeon.
             The game lasted 00:16:28 (6574 turns).

Curundu the Cleaver (Minotaur Berserker)            Turns: 6574, Time: 00:16:29

Health: -2/118     AC:  4    Str: 26    XL:     9   Next: 0%
Magic:  8/8        EV: 12    Int:  4    God:    Trog [***...]
Gold:   252        SH:  8    Dex: 10    Spells: 8/8 levels left

rFire   . . .        x - +0 war axe
rCold   . . .        j - +0 kite shield
rNeg    . . .        b - +0 animal skin
rPois   .            (helmet restricted)
rElec   .            (no cloak)
rCorr   .            w - +1 pair of gloves
SInv    .            (no boots)
Will    .....        e - amulet of the acrobat Stlth
                     (no ring)
HPRegen 0.39/turn    (no ring)
MPRegen 0.11/turn

%: acrobat
@: berserking (expiring), quick
A: horns 2, retaliatory headbutt
a: Renounce Religion, Berserk, Trog's Hand


You were on level 7 of the Dungeon.
You worshipped Trog.
Trog was most pleased with you.
You visited 1 branch of the dungeon, and saw 7 of its levels.

You collected 252 gold pieces.

Inventory:

Hand Weapons
 x - a +0 war axe (weapon)
Missiles
 g - 7 boomerangs (quivered)
Armour
 b - a +0 animal skin (worn)
 j - a +0 kite shield (worn)
 w - a +1 pair of gloves (worn)
Jewellery
 e - an amulet of the acrobat (around neck)
Wands
 l - a wand of polymorph (12)
 r - a wand of paralysis (10)
Scrolls
 c - 3 scrolls of teleportation
 f - a scroll of fear {unknown}
 n - a scroll of noise {unknown}
 o - a scroll of brand weapon {unknown}
 p - 2 scrolls of blinking {unknown}
 q - a scroll of butterflies {unknown}
 t - a scroll of fog {unknown}
 y - 2 scrolls of identify
 z - a scroll of poison {unknown}
Potions
 a - a potion of mutation
 d - 3 potions of brilliance {unknown}
 h - a potion of lignification {unknown}
 i - 2 potions of heal wounds {unknown}
 k - a potion of berserk rage {unknown}
 m - 2 potions of invisibility
 s - a potion of enlightenment {unknown}
 u - 2 potions of curing
 v - 2 potions of haste {unknown}
 A - a potion of resistance {unknown}


   Skills:
 + Level 7.3 Fighting
 + Level 10.2 Axes
 * Level 4.5 Armour
 + Level 5.2 Dodging
 - Level 1.7 Stealth
 * Level 3.7 Shields


You had 8 spell levels left.
You didn't know any spells.
Your spell library was empty.

Dungeon Overview and Level Annotations

Branches:
Dungeon (7/15)             Temple (0/1) D:5

Altars:
Elyvilon
Trog
Wu Jian

Shops:
D:4 [


Innate Abilities, Weirdness & Mutations

You have a pair of horns on your head.
You reflexively headbutt those who attack you in melee.


Message History

Something hits you but does no damage.
Your Axes skill increases to level 10!
Your Dodging skill increases to level 5!
Your Shields skill increases to level 3!
You barely miss something. You barely miss the orc. You slash something!
Your headbutt misses something. You hit the orc.
The orc hits you with a +0 whip.
* * * LOW HITPOINT WARNING * * *
Something hits you.
* * * LOW HITPOINT WARNING * * *
Something shocks you.
* * * LOW HITPOINT WARNING * * *
An acid dragon comes into view.
You miss something. You headbutt something. You barely miss the orc.
You block the orc's attack.
A sky beast appears from thin air!
Reactivating autopickup.
The sky beast misses you. You furiously retaliate!
You headbutt the sky beast. You slash the sky beast!
You kill the sky beast!
Trog accepts your kill.
You slash the orc!
You kill the orc!
Trog accepts your kill.
You have reached level 9!
Your experience leads to an increase in your attributes!
Increase (S)trength, (I)ntelligence, or (D)exterity?
You feel stronger. x2
You enter the shallow water.
Moving in this stuff is going to be slow.
Found a manual of Fighting.
The orc wizard hits you but does no damage.
You see here a sky beast corpse.
Your unstable footing causes you to fumble your attack.
A bombardier beetle comes into view.
The orc wizard hits you with a +0 dagger.
* * * LOW HITPOINT WARNING * * *
You miss the orc wizard. Your headbutt misses the orc wizard.
The orc wizard points at you and mumbles some strange words.
The magic dart hits you!
You die...

# . . B# ##. ##.##.
#..# ###..#... #.[.
#.#D##..##.... #...
#...o......... #...#
#..o@.)...... #...#
###.).....## #...#
###.......# #...#
#.......####.
.####...###.###........
...............#.######
...............)......
...............#.#####
.####...###.####.#


You could see an acid dragon, a bombardier beetle, an orc wizard and an orc.

Vanquished Creatures
  A gargoyle (D:7)
  Eustachio (D:4)
  An acid dragon (D:7)
  A water moccasin (D:5)
  2 sky beasts
  A black bear (D:6)
  A centaur (D:6)
  An ogre (D:5)
  A phantom (D:6)
  A bullfrog (D:7)
  3 wights (D:7)
  A hound (D:4)
  6 orc priests
  Jessica (D:3)
  Ijyb (D:3)
  2 iguanas
  An orc wizard (D:6)
  Robin (D:4)
  13 adders
  5 ribbon worms
  3 dart slugs
  27 orcs
  4 endoplasms
  4 giant cockroaches
  25 goblins
  4 hobgoblins
  3 jackals (D:2)
  8 kobolds
  7 quokkas
  9 ball pythons
  5 bats
  2 frilled lizards
  7 rats
153 creatures vanquished.

Notes
Turn   | Place    | Note
-------+----------+-------------------------------------------
     0 | D:1      | Curundu the Minotaur Berserker began the quest for the Orb.
     0 | D:1      | Reached XP level 1. HP: 19/19 MP: 0/0
   174 | D:1      | Reached XP level 2. HP: 27/27 MP: 1/1
   175 | D:1      | Reached skill level 4 in Axes
   596 | D:1      | Reached ** piety under Trog
  1039 | D:2      | Reached XP level 3. HP: 33/33 MP: 2/2
  1468 | D:2      | Reached XP level 4. HP: 41/41 MP: 3/3
  1617 | D:2      | Found a faded altar of an unknown god.
  1869 | D:3      | Found a bloodstained altar of Trog.
  1877 | D:3      | Reached skill level 5 in Axes
  1905 | D:3      | Noticed Ijyb
  1924 | D:3      | Killed Ijyb
  2149 | D:3      | Noticed Jessica
  2152 | D:3      | Killed Jessica
  2153 | D:3      | Reached XP level 5. HP: 47/47 MP: 4/4
  2248 | D:3      | Reached skill level 5 in Fighting
  2523 | D:3      | Reached skill level 6 in Axes
  2670 | D:3      | Reached skill level 1 in Stealth
  2841 | D:4      | Noticed Robin
  2841 | D:4      | Found Jiulizon's Armour Shoppe.
  2846 | D:4      | Killed Robin
  2853 | D:3      | Reached *** piety under Trog
  2853 | D:3      | HP: 1/44 [goblin/+0 club[Robin] (3)]
  2855 | D:3      | Reached XP level 6. HP: 2/52 MP: 5/5
  3715 | D:4      | Noticed Eustachio
  3733 | D:4      | Killed Eustachio
  3734 | D:4      | Reached skill level 7 in Axes
  3734 | D:4      | Reached XP level 7. HP: 29/62 MP: 6/6
  4288 | D:5      | Entered Level 5 of the Dungeon
  4452 | D:5      | Found a staircase to the Ecumenical Temple.
  4995 | D:5      | Reached skill level 8 in Axes
  5521 | D:6      | Reached XP level 8. HP: 71/71 MP: 7/7
  5548 | D:6      | Reached skill level 9 in Axes
  5557 | D:6      | Reached skill level 1 in Shields
  5741 | D:6      | Found an ornate altar of the Wu Jian Council.
  6311 | D:7      | Found a white marble altar of Elyvilon.
  6559 | D:7      | Noticed a gargoyle
  6567 | D:7      | Killed a gargoyle
  6568 | D:7      | Reached skill level 10 in Axes
  6568 | D:7      | Reached skill level 5 in Dodging
  6572 | D:7      | Reached XP level 9. HP: 7/79 MP: 8/8
  6574 | D:7      | Killed from afar by an orc wizard

Illustrated notes

Levels and vault maps discovered:
D:1:      dpeg_arrival_court, layout_basic
D:2:      layout_basic, ebering_ecumenical_altar_petrified, minmay_tetromino_t4
D:3:      layout_basic, trog_antimagical, uniq_jessica, uniq_ijyb
D:4:      layout_loops_ring, serial_shops,
          nicolae_shop_temple_entry_statues_fountains, uniq_robin,
          uniq_eustachio
D:5:      layout_gridville, minmay_temple_entry_butterflies,
          minmay_ogre_servants
D:6:      layout_basic, mainiacjoe_overflow_alcove_2, gup_sewer_entry_spiral,
          nicolae_hexahallways
D:7:      layout_loops_cross, grunt_temple_overflow_open,
          general_overflow_altar, biasface_ghost_orc_armoury, minmay_manual_mess

Skill      XL: |  1  2  3  4  5  6  7  8 |
---------------+-------------------------+-----
Axes           | 4 5 6 7 8 10 | 10.2
Fighting       | 4 5 6 7 |  7.3
Dodging        | 3 4 5 |  5.2
Stealth        | 1 |  1.7
Armour         | 4 |  4.5
Shields        | 3 |  3.7

Action                     |  1- 3 |  4- 6 |  7- 9 || total
---------------------------+-------+-------+-------++-------
  Melee: Hand axe          |    61 |       |       ||    61
         Headbutt          |    11 |    17 |    15 ||    43
         War axe           |    10 |   128 |   155 ||   293
         Punch             |       |     3 |       ||     3
 Invoke: Trog's Hand       |       |     5 |     2 ||     7
         Berserk           |       |     3 |     2 ||     5
    Use: Scroll            |       |       |     5 ||     5
   Stab: Sleeping          |     1 |       |     5 ||     6
 Armour: Animal skin       |    36 |    90 |    85 ||   211
  Dodge: Dodged            |    59 |   121 |    86 ||   266
  Block: Kite shield       |       |       |    30 ||    30
